 Dungeon Crawl Stone Soup version 0.30-a0-1043-g60ff8d5f49 (webtiles) character file.

Game seed: 8075940989424645846

493 NinjaNoafa the Firebug (level 6, -15/41 HPs)
             Began as a Demonspawn Fire Elementalist on Apr 10, 2023.
             Was a Follower of Vehumet.
             Demolished by an ogre
             ... wielding a +0 giant club
              (34 damage)
             ... in the Ecumenical Temple.
             The game lasted 00:16:01 (2537 turns).

NinjaNoafa the Firebug (DsFE)                       Turns: 2537, Time: 00:16:02

Health: -15/41     AC:  3    Str:  9    XL:     6   Next: 92%
Magic:  0/9        EV: 12    Int: 18    God:    Vehumet [*.....]
Gold:   167        SH:  0    Dex: 13    Spells: 3/9 levels left

rFire   + . .      SeeInvis .    k - +2 short sword (speed)
rCold   x . .      Faith    .    (no shield)
rNeg    . . .      Spirit   +    a - +0 robe
rPois   .          Reflect  .    (no helmet)
rElec   .          Rampage  .    (no cloak)
rCorr   +                        l - +0 pair of gloves
Will    .....                    (no boots)
Stlth   ++                       z - amulet of magic regeneration
HPRegen 0.26/turn                s - ring of resist corrosion
MPRegen 0.62/turn                u - ring of fire

@: lethally poisoned (-15 -> -17)
A: magic shield, magic regeneration
a: Renounce Religion


You were in the Ecumenical Temple.
You worshipped Vehumet.
Vehumet was aware of your devotion.
You visited 2 branches of the dungeon, and saw 6 of its levels.

You collected 167 gold pieces.

Inventory:

Hand Weapons
 k - a +2 short sword of speed (weapon)
Missiles
 v - 6 atropa-tipped darts
 x - 3 poisoned darts
Armour
 a - a +0 robe (worn)
 l - a +0 pair of gloves (worn)
Jewellery
 s - a ring of resist corrosion (left hand)
 u - a ring of fire (right hand)
 z - an amulet of magic regeneration (around neck)
Wands
 q - a wand of charming (9)
Scrolls
 c - 2 scrolls of enchant weapon {unknown}
 d - a scroll of torment {unknown}
 g - a scroll of fog {unknown}
 h - 2 scrolls of noise {unknown}
 j - a scroll of butterflies {unknown}
 m - 3 scrolls of identify
 n - 3 scrolls of teleportation
 o - a scroll of vulnerability {unknown}
 t - a scroll of brand weapon {unknown}
 w - a scroll of fear {unknown}
 y - 2 scrolls of immolation {unknown}
 B - a scroll of poison {unknown}
Potions
 b - a potion of magic
 e - a potion of might {unknown}
 f - a potion of curing {unknown}
 i - 3 potions of heal wounds
 p - a potion of brilliance {unknown}
 r - a potion of haste {unknown}
 A - a potion of degeneration {unknown}
 C - a potion of lignification {unknown}


   Skills:
 - Level 1.7 Dodging
 - Level 1.7 Stealth
 - Level 2.0 Spellcasting
 - Level 4.0 Conjurations
 + Level 3.3 Translocations
 - Level 5.0 Fire Magic


You had 3 spell levels left.
You knew the following spells:

 Your Spells              Type           Power      Damage    Failure   Level
a - Foxfire               Conj/Fire      100%       2x1d9     2%          1
b - Scorch                Fire           58%        2d7       3%          2
c - Volatile Blastmotes   Fire/Tloc      50%        2d14      10%         3

Your spell library contained the following spells:

 Spells                   Type           Power      Damage    Failure   Level
 Sandblast                Erth           2%         2d4       19%         1
 Magic Dart               Conj           64%        1d6       3%          1
 Searing Ray              Conj           32%        2d5       5%          2
 Beastly Appendage        Tmut           2%         N/A       19%         1
 Inner Flame              Hex/Fire       16%        N/A       19%         3
 Wereblood                Tmut           1%         N/A       26%         2
 Spider Form              Tmut/Pois      1%         N/A       47%         3
 Flame Wave               Conj/Fire      27%        2d9       28%         4
 Fulminant Prism          Conj/Hex       4%         3d5       61%         4


Dungeon Overview and Level Annotations

Branches:
Dungeon (5/15)             Temple (1/1) D:5

Altars:
Ashenzari
Cheibriados
Dithmenos
Gozag
Hepliaklqana
Kikubaaqudgha
Makhleb
Nemelex Xobeh
Okawaru
Qazlal
Ru
Sif Muna
Trog
Vehumet
Wu Jian
Xom
Yredelemnul


Innate Abilities, Weirdness & Mutations

When hurt, damage is shared between your health and your magic reserves.
You regenerate magic rapidly.


Message History

The concussive blast engulfs the hound!
You kill the hound!
Vehumet accepts your kill.
The iguana is knocked back by the blast.
The ogre is knocked back by the blast.
You are knocked back by the blast.
An orc wizard comes into view. It is wielding a +0 dagger.
The orc wizard shouts!
You hear a shout! x2
Unknown command.
Okay, then.
Unknown command.
Unknown command.
Unknown command.
* * * LOW HITPOINT WARNING * * *
You feel very sick.
Unknown command.
Unknown command.
You feel much better.
You feel sick.
Casting: Volatile Blastmotes (dangerous; 10% risk of failure)
Confirm with . or Enter, or press ? or * to list all spells.
You don't have enough magic to cast this spell.
The ogre attacks as you move away! The ogre closely misses you.
You feel sick.
There is a staircase to the Ecumenical Temple here.
You can't go up here!
You feel sick. The ogre closely misses you.
You climb downwards.
Welcome to the Ecumenical Temple!
You feel sick.
Found fifteen altars.
There is a staircase back to the Dungeon here.
Casting: Volatile Blastmotes (dangerous; 10% risk of failure)
Confirm with . or Enter, or press ? or * to list all spells.
You feel a surge of power!
Flames lash the ogre.
The ogre is severely wounded.
The ogre's fire resistance burns away.
You feel sick.
You are too injured to fight recklessly!
Casting: Foxfire (safe; 2% risk of failure)
Press: ? - help, Q - select action, (/) - cycle Dir - look around, f - activate You feel a surge of power!
You conjure some foxfire!
You feel sick.
The ogre hits you with a +0 giant club!!!
Ouch! That really hurt!
You die...

#########
##._.⌠._.##
##_......._##
##...≈≈.≈≈...##
#_..≈.≈.≈.≈.._#
#..≈.≈...≈.≈..#
#_.≈≈..v..≈≈._#
#......@O.....#
#_.≈≈.v...≈≈._#
#..≈.≈...≈.≈..#
#⌠..≈.≈.≈.≈..⌠#
##...≈≈.≈≈...##
##_......._##
##._._._.##
#########


You could see an ogre (combustible, ally target).

Vanquished Creatures
  Grinder (D:3)
  2 hounds
  An orc priest (D:4)
  A jelly (D:3)
  An orc wizard (D:4)
  7 adders
  5 dart slugs
  4 orcs
  6 bats
  4 endoplasms
  A giant cockroach (D:1)
  6 goblins
  4 hobgoblins
  4 quokkas
  5 ball pythons
  4 frilled lizards
  9 kobolds
  13 rats
78 creatures vanquished.

Vanquished Creatures (others)
  168 foxfires
168 creatures vanquished.

Grand Total: 246 creatures vanquished

Notes
Turn   | Place    | Note
-------+----------+-------------------------------------------
     0 | D:1      | NinjaNoafa the Demonspawn Fire Elementalist began the quest
                  | for the Orb.
     0 | D:1      | Reached XP level 1. HP: 13/13 MP: 3/3
   105 | D:1      | Reached skill level 3 in Fire Magic
   115 | D:1      | Gained mutation: You regenerate magic rapidly. [demonic
                  | ancestry]
   115 | D:1      | Reached XP level 2. HP: 19/19 MP: 1/5
   118 | D:1      | Learned a level 2 spell: Scorch
   723 | D:2      | Reached XP level 3. HP: 24/24 MP: 2/6
   834 | D:2      | You fall into a shaft and drop 1 floor!
  1120 | D:2      | Gained mutation: When hurt, damage is shared between your
                  | health and your magic reserves. [demonic ancestry]
  1120 | D:2      | Reached XP level 4. HP: 30/30 MP: 4/7
  1335 | D:3      | Found an ornate altar of the Wu Jian Council.
  1372 | D:3      | Found a radiant altar of Vehumet.
  1380 | D:3      | Became a worshipper of Vehumet
  1381 | D:3      | Found a stormy altar of Qazlal.
  1388 | D:3      | Noticed Grinder
  1392 | D:3      | Paralysed by Grinder for 2 turns
  1405 | D:3      | Paralysed by Grinder for 2 turns
  1606 | D:3      | Reached skill level 4 in Fire Magic
  1693 | D:3      | Killed Grinder
  1694 | D:3      | Reached XP level 5. HP: 35/35 MP: 1/8
  1694 | D:3      | Reached XP level 6. HP: 41/41 MP: 1/9
  1698 | D:3      | Learned a level 3 spell: Volatile Blastmotes
  2123 | D:4      | Reached skill level 5 in Fire Magic
  2130 | D:4      | Reached * piety under Vehumet
  2130 | D:4      | Offered knowledge of Sandblast by Vehumet.
  2516 | D:5      | Entered Level 5 of the Dungeon
  2524 | D:5      | Found a staircase to the Ecumenical Temple.
  2535 | Temple   | Entered the Ecumenical Temple
  2537 | Temple   | Demolished by an ogre

Illustrated notes

Levels and vault maps discovered:
D:1:      dpeg_arrival_ratfight, layout_basic
D:2:      layout_rooms
D:3:      layout_loops_ring, nicolae_overflow_hallway_of_the_gods,
          grunt_ministairs_12, serial_park_tiny_2, kennysheep_nondescript,
          uniq_grinder
D:4:      layout_gridville
D:5:      layout_basic, fedhas_ov_isle_minmay, minmay_temple_entry_trees
Temple:   nicolae_temple_no_exploring_needed

Skill      XL: |  1  2  3  4  5  6 |
---------------+-------------------+-----
Fire Magic     | 3 4 5 |  5.0
Conjurations   | 2 4 |  4.0
Translocations | 2 3 |  3.3
Dodging        | |  1.7
Stealth        | |  1.7
Spellcasting   | |  2.0

Action                     |  1- 3 |  4- 6 || total
---------------------------+-------+-------++-------
  Melee: Whip              |     7 |       ||     7
         Punch             |     1 |       ||     1
         Short sword       |     7 |     5 ||    12
   Cast: Foxfire           |    54 |    49 ||   103
         Scorch            |     6 |    13 ||    19
         Volatile Blastmot |       |     6 ||     6
    Use: Scroll            |       |     2 ||     2
         Potion            |       |     2 ||     2
 Armour: Robe              |     5 |     4 ||     9
  Dodge: Dodged            |    14 |    23 ||    37

Table legend: (Time is in decaauts)
 A = Elapsed time spent in this place.
 B = Non-inter-level travel time spent in this place.
 C = Inter-level travel time spent in this place.
 D = Time resting spent in this place.
 E = Time spent auto-exploring this place.
 F = Levels seen in this place.
 G = Mean time per level.
                   A        B        C        D        E       F      G
               +--------+--------+--------+--------+--------+-----+--------+
         Total |   2530 |   2405 |    125 |     28 |   1810 |   6 |  421.7 |
       Dungeon |   2528 |   2403 |    125 |     28 |   1810 |   5 |  505.6 |
        Temple |      1 |      1 |      0 |      0 |      0 |   1 |    1.0 |
               +--------+--------+--------+--------+--------+-----+--------+

Top non-repeatable levels by time:
     D:3: 791 daAuts
     D:1: 716 daAuts
     D:4: 531 daAuts
     D:2: 469 daAuts
     D:5: 18 daAuts
  Temple: 1 daAuts
